 Dungeon Crawl Stone Soup version 0.29.1-15-g9cfb28693d (webtiles) character file.

Game seed: 15035766503483227538

350 croobank the Sneak (level 6, -1/43 HPs)
             Began as an Octopode Delver on Mar 11, 2023.
             Slain by a steam dragon (5 damage)
             ... on level 4 of the Dungeon.
             The game lasted 00:08:04 (3792 turns).

croobank the Sneak (Octopode Delver)                Turns: 3792, Time: 00:08:05

Health: -1/43      AC:  1    Str: 17    XL:     6   Next: 60%
Magic:  8/8        EV: 13    Int: 14    God:
Gold:   234        SH:  5    Dex: 14    Spells: 8/8 levels left

rFire   + . .      SeeInvis .   a - +2 hand axe (freeze)
rCold   x . .      Faith    .   x - +1 buckler
rNeg    . . .      Spirit   .   (helmet restricted)
rPois   .          Reflect  .   (no amulet)
rElec   .          Harm     .   h - +6 ring of strength
rCorr   .          Rampage  .   g - ring of flight
Will    .....                   C - ring of fire
Stlth   +++++.....              (no ring)
HPRegen 0.14/turn               (no ring)
MPRegen 0.11/turn               (no ring)
                                (no ring)
                                (no ring)

@: mighty, flying
A: almost no armour, amphibious, 8 rings, camouflage 1, gelatinous body 1,
(nimble swimmer 1), tentacles
a: no special abilities


You were on level 4 of the Dungeon.
You visited 1 branch of the dungeon, and saw 6 of its levels.

You collected 234 gold pieces.

Inventory:

Hand Weapons
 a - a +2 hand axe of freezing (weapon)
 p - a +0 spear
 s - a +0 short sword
 y - a +0 dagger
Missiles
 A - 4 poisoned darts (quivered)
Armour
 x - a +1 buckler (worn)
Jewellery
 c - an amulet of guardian spirit
 d - a ring of ice
 g - a ring of flight (right tentacle)
 h - a +6 ring of strength (left tentacle)
 C - a ring of fire (on tentacle)
Wands
 f - a wand of digging (3)
Scrolls
 b - a scroll of fog
 t - 2 scrolls of magic mapping
 B - a scroll of fear
Potions
 e - a potion of haste
 j - a potion of might
 k - a potion of heal wounds
 l - 2 potions of mutation
 m - 2 potions of curing
 n - 2 potions of flight {unknown}
 r - a potion of ambrosia {unknown}
 u - a potion of attraction {unknown}
 z - a potion of magic


   Skills:
 + Level 4.1 Fighting
 + Level 3.3 Axes
 + Level 3.4 Dodging
 + Level 7.9 Stealth
 + Level 1.7 Shields
 + Level 1.6 Spellcasting


You had 8 spell levels left.
You didn't know any spells.
Your spell library contained the following spells:

 Spells                   Type           Power      Damage    Failure   Level
 Shock                    Conj/Air       4%         1d3       32%         1
 Sting                    Tmut/Pois      4%         1d3       32%         1
 Ignite Poison            Fire/Tmut/Pois 1%         N/A       69%         3
 Spider Form              Tmut/Pois      1%         N/A       69%         3
 Swiftness                Air            1%         N/A       69%         3
 Airstrike                Air            0%         2d(1-17)  97%         4
 Alistair's Intoxication  Tmut/Pois      0%         N/A       100%        5
 Eringya's Noxious Bog    Tmut/Pois      0%         N/A       100%        6


Dungeon Overview and Level Annotations

Branches:
Dungeon (6/15)
 Temple: D:4-7

Altars:
Ashenzari
Dithmenos
Nemelex Xobeh
Qazlal

Shops:
D:6 [

Annotations:
D:1 1 transporter
D:5 exclusion: downstairs


Innate Abilities, Weirdness & Mutations

You cannot wear most types of armour.
You are amphibious.
You can wear up to eight rings at the same time.
Your skin changes colour to match your surroundings (Stealth+).
Your rubbery body absorbs attacks. (AC +1, EV +1)
((You are camouflaged when in or above water. (Stealth+)))
You have tentacles for arms and can constrict up to eight enemies at once.


Message History

A kobold comes into view. It is wielding a +0 short sword.
The steam dragon closely misses you. The steam dragon claws you.
* * * LOW HITPOINT WARNING * * *
You feel much better. The steam dragon breathes steam at you.
The ball of steam misses you.
You hear a shout!
You feel very mighty all of a sudden. The steam dragon completely misses you.
The steam dragon claws you.
You slash the steam dragon! You freeze the steam dragon.
The steam dragon is moderately wounded.
The steam dragon bites you. The steam dragon barely misses you.
You slash the steam dragon! You freeze the steam dragon.
Your squeeze misses the steam dragon.
The steam dragon is severely wounded.
You barely miss the gnoll. The gnoll hits you with a +0 club.
The steam dragon closely misses you. x2
The gnoll is engulfed in a cloud of scalding steam.
The gnoll hits you with a +0 club. The steam dragon closely misses you.
The steam dragon claws you.
The kobold hits you with a +0 short sword.
* * * LOW HITPOINT WARNING * * *
You hit the steam dragon. You freeze the steam dragon.
The steam dragon is almost dead.
You slash the kobold! You freeze the kobold.
You kill the kobold!
You hit the gnoll. You freeze the gnoll. The gnoll barely misses you.
The steam dragon bites you but does no damage.
You block the steam dragon's attack.
You closely miss the steam dragon.
The steam dragon is almost dead.
You barely miss the gnoll. The gnoll barely misses you.
The steam dragon breathes steam at you. The ball of steam misses you.
The gnoll hits you with a +0 club.
* * * LOW HITPOINT WARNING * * *
The steam dragon closely misses you. The steam dragon completely misses you.
You block the gnoll's attack. The steam dragon bites you.
* * * LOW HITPOINT WARNING * * *
The steam dragon claws you.
You die...

#.######.#..#.....#.#####.#...
#........#..#.....#.##......#.
##########..#.....#.##.##.#...
#..........<...#.#.#.
#..##########..#.#.#.
#..........)...#.#.#.
#§§§§§.......#.......
#§§§§D.........#.#.##
.###.§g@#.......#.#.#.#
........[.........# .
.....#.(..#####.#.....
......#.##)# .........
......#.##... .......
~.....#........ ...... ~~. ##
####........ ..." ...


You could see a steam dragon (catching breath) and a gnoll.

Vanquished Creatures
  2 scorpions
  A hound (D:4)
  A gnoll bouda (D:4)
  Terence (D:2)
  3 gnolls (D:4)
  3 adders (D:2)
  3 dart slugs
  2 orcs
  8 ball pythons
  2 bats (D:2)
  5 endoplasms
  2 giant cockroaches
  7 goblins
  3 hobgoblins
  5 jackals
  4 kobolds
  3 quokkas
  4 frilled lizards
  4 rats
63 creatures vanquished.

Vanquished Creatures (others)
  An iguana (D:4)
  2 fungi (D:1)
  7 plants
10 creatures vanquished.

Grand Total: 73 creatures vanquished

Notes
Turn   | Place    | Note
-------+----------+-------------------------------------------
     0 | D:5      | croobank the Octopode Delver began the quest for the Orb.
     0 | D:5      | Reached XP level 1. HP: 16/16 MP: 1/1
     1 | D:6      | Noticed a yak
     1 | D:6      | Noticed a yak
     1 | D:6      | Noticed a yak
     1 | D:6      | Noticed a yak
     1 | D:6      | Noticed a yak
     1 | D:6      | Noticed a yak
     1 | D:6      | Found Qicosaa's Antique Armour Shop.
    32 | D:5      | Noticed a black bear
    69 | D:5      | Noticed an iguana
   186 | D:4      | Noticed a scorpion
   223 | D:4      | Noticed a hound
   262 | D:5      | Noticed an ice beast
   291 | D:3      | Reached XP level 2. HP: 21/21 MP: 2/2
   299 | D:3      | Found a sparkling altar of Nemelex Xobeh.
   465 | D:3      | Found a broken altar of Ashenzari.
   472 | D:3      | Got the Papyrus of Blight
   958 | D:1      | Reached XP level 3. HP: 23/26 MP: 3/3
  1122 | D:1      | Reached skill level 7 in Stealth
  1492 | D:1      | Found a transporter.
  1545 | D:1      | Found a faded altar of an unknown god.
  1900 | D:2      | Reached XP level 4. HP: 31/31 MP: 4/4
  1981 | D:2      | Found a stormy altar of Qazlal.
  2487 | D:2      | Noticed Terence
  2495 | D:2      | Killed Terence
  2658 | D:2      | Reached XP level 5. HP: 37/37 MP: 6/6
  3057 | D:3      | Found a shadowy altar of Dithmenos.
  3074 | D:3      | Reached skill level 1 in Shields
  3074 | D:3      | Reached skill level 1 in Spellcasting
  3489 | D:4      | Reached XP level 6. HP: 37/43 MP: 6/8
  3618 | D:4      | Noticed a steam dragon
  3792 | D:4      | Slain by a steam dragon

Illustrated notes

Levels and vault maps discovered:
D:1:      spicycebolla_arrival_risky_transporter, layout_loops_cross,
          dreamdust_ecumenical_altar_grove
D:2:      minmay_evil_eye, layout_loops_ring, basic_altar, uniq_terence
D:3:      layout_rooms, grunt_dithmenos_smoke, ashenzari_conservatory_becter,
          nemelex_xobeh_ov_fountains_minmay
D:4:      layout_basic, serial_bayou_pond_b
D:5:      layout_loops_cross, nzn_wu_jian_contemplation,
          mainiacjoe_overflow_brackets, serial_shops,
          nicolae_inconvenience_store
D:6:      layout_layer_cave, chequers_temple_overflow_statue_of_worship,
          mainiacjoe_overflow_catwalk, minmay_temple_entry_grid, serial_shops,
          nicolae_diamond_shop, nicolae_lakefront_shop, nicolae_stop_n_shop_2

Skill      XL: |  1  2  3  4  5 |
---------------+----------------+-----
Stealth        | 7 |  7.9
Dodging        | 3 |  3.4
Shields        | 1 |  1.7
Spellcasting   | 1 |  1.6
Axes           | 3 |  3.3
Fighting       | 4 |  4.1

Action                   |  1- 3 |  4- 6 || total
-------------------------+-------+-------++-------
Melee: Hand axe          |    57 |    61 ||   118
       Tentacles         |    11 |    15 ||    26
       Constrict         |    11 |     9 ||    20
       Short sword       |     3 |     8 ||    11
  Use: Scroll            |     2 |    10 ||    12
       Potion            |       |     2 ||     2
 Stab: Sleeping          |    20 |     8 ||    28
       Distracted        |       |     1 ||     1
Armor: Skin              |     1 |     7 ||     8
Dodge: Dodged            |    34 |    53 ||    87
Block: Buckler           |       |     7 ||     7
